[Event "II Open Internacional Ateneo Marítimo (60 Aniversario)"]
[Site "C/La reina 68 (Valencia), Spain"]
[Date "2018.09.15"]
[Round "1.1"]
[White "Plaskett, H James"]
[Black "Paris Turegano, Javier"]
[Result "1-0"]
[TimeControl "7m+3s por jugada"]
[WhiteFideId "400238"]
[BlackFideId "2219352"]
[WhiteElo "2450"]
[BlackElo "1921"]

1. c4 c5 2. b3 Nc6 3. Bb2 e6 4. Nf3 d5 5. e3 d4 6. exd4 cxd4 7. Bd3 g6 8. O-O Bg7 9. Re1 Nge7 10. Na3 O-O 11. Be4 e5 12. d3 f5 13. Bxc6 Nxc6 14. c5 Qd5 15. Nc4 Re8 16.
Nd6 Re7 17. Qc2 Nb4 18. Qd2 a5 19. Bxd4 e4 20. Bxg7 Rxg7 21. Qg5 Bd7 22. dxe4 fxe4 23. Qxd5+ Nxd5 24. Rxe4 Nc3 25. Ree1 Bc6 26. Ne5 Re7 27. Re3 Nd5 28. Nxc6 Rxe3 29. fxe3 bxc6 30. Nc4 a4 31. e4 Nc3 32.
Nb6 Ra5 33. b4 Ra7 34. a3 Nxe4 35.
Rd1 Nc3 36. Rd3 Ne4 37. Kf1 Rf7+ 38.
Ke1 Ra7 39. Re3 Nf6 40. Kd2 Ng4 41. Re6 Rf7 42. Nxa4 Rf2+ 43. Re2 Rf5 44. Nb6 Nxh2 45. a4 Nf1+ 46. Kd3 Rf8 47. Re6 Rd8+ 48. Kc3 Nd2 49. a5 Nb1+ 50. Kb2 {Bandera} 1-0

[Event "II Open Internacional Ateneo Marítimo (60 Aniversario)"]
[Site "C/La reina 68 (Valencia), Spain"]
[Date "2018.09.15"]
[Round "1.2"]
[White "Selva Salvador, Antonio"]
[Black "Cruz Lledo, Pablo"]
[Result "0-1"]
[TimeControl "7m+3s por jugada"]
[WhiteFideId "2223821"]
[BlackFideId "2297361"]
[WhiteElo "1892"]
[BlackElo "2436"]

1. d4 d5 2. Nf3 e6 3. g3 c5 4.
e3 Nc6 5. Bg2 Nf6 6. O-O Bd6 7. b3 O-O 8. Bb2 b6 9. Nbd2 Qc7 10. Rc1 Ba6 11. Re1 Rac8 12. Ne5 Nxe5 13. dxe5 Bxe5 14. Bxe5 Qxe5 15. c4 dxc4 16.
Nxc4 Bxc4 17. Rxc4 Rfd8 18. Qc2 Rb8 19. h3 Rd7 20. Kh2 Rbd8 21. Re2 h5 22. f4 Qa1 23. e4 Qd1 24. e5 Qxc2 25. Rcxc2 Nd5 26. a3 Nc7 27. b4 cxb4 28. axb4 Na6 29. Rc4 Rd2 30. Rxd2 Rxd2 31. g4 hxg4 32. hxg4 Rb2 33. b5 Nc5 0-1

[Event "II Open Internacional Ateneo Marítimo (60 Aniversario)"]
[Site "C/La reina 68 (Valencia), Spain"]
[Date "2018.09.15"]
[Round "1.3"]
[White "Campos Gambuti, Luis Maria"]
[Black "Gimenez Saiz, Jose Raul"]
[Result "1-0"]
[TimeControl "7m+3s por jugada"]
[WhiteFideId "2226979"]
[BlackFideId "2271320"]
[WhiteElo "2382"]
[BlackElo "1883"]

1. d4 d5 2. Nc3 e6 3. e4 dxe4 4. Nxe4 Nf6 5. Bg5 Be7 6.
Bxf6 Bxf6 7. Nxf6+ Qxf6 8. Nf3 O-O 9. Qd3 c5 10. O-O-O Nc6 11. Qe3 Nb4 12. dxc5 b6 13. a3 a5 14. axb4 axb4 15. Kb1 Bb7 16. Ne5 Rfd8 17. Bc4 Bxg2 18.
Rxd8+ Qxd8 19. Rg1 bxc5 20. Qxc5 Qd2 21. Nd3 Rb8 22. Rxg2 b3 23. Bxb3 1-0

[Event "II Open Internacional Ateneo Marítimo (60 Aniversario)"]
[Site "C/La reina 68 (Valencia), Spain"]
[Date "2018.09.15"]
[Round "1.4"]
[White "Lledo Matoses, Daniel"]
[Black "Granero Roca, Antonio"]
[Result "0-1"]
[TimeControl "7m+3s por jugada"]
[WhiteFideId "2294109"]
[BlackFideId "2210509"]
[WhiteElo "1880"]
[BlackElo "2370"]

1. d4 Nf6 2. c4 g6 3. Nc3 Bg7 4. e4 O-O 5. Be3 d6 6. f3 c6 7. Qd2 a6 8. a4 a5 9. Bh6 e5 10.
Bxg7 Kxg7 11. Nge2 Na6 12. Rd1 Be6 13. d5 cxd5 14. cxd5 Bd7 15. Ng3 Qb6 16. Bb5 Nb4 17. Qf2 Qxf2+ 18. Kxf2 Rac8 19. Rd2 Rfd8 20. h4 h5 21. Nge2 Kf8 22. Nc1 Ke7 23. Nb3 b6 24. Bxd7 Nxd7 25. g4 Nf6 26. g5 Nd7 27. Ke3 Nc5 28. Nxc5 Rxc5 29. Rf1 Rc4 30.
f4 exf4+ 31. Rxf4 Na6 32. e5 Rxf4 33. Kxf4 Nc5 34. exd6+ Rxd6 35. Nb5 Rd7 36. Re2+ Kf8 37. d6 Nxa4 38. Ke5 Nc5 39. Kf6 Rd8 40.
Re7 Nd7+ 41. Rxd7 Rxd7 42. b3 Rd8 43. Ke5 Ke8 44. Kd5 Kd7 45. Nd4 0-1

[Event "II Open Internacional Ateneo Marítimo (60 Aniversario)"]
[Site "C/La reina 68 (Valencia), Spain"]
[Date "2018.09.15"]
[Round "1.5"]
[White "Diaz Velandia, Jose Manuel"]
[Black "Soria Martinez, Sergio"]
[Result "1-0"]
[TimeControl "7m+3s por jugada"]
[WhiteFideId "3901939"]
[BlackFideId "2251434"]
[WhiteElo "2368"]
[BlackElo "1879"]

1. d4 Nf6 2. Nf3 g6 3. e3 Bg7 4. Bd3 d5 5. O-O O-O 6.
Nbd2 b6 7. c3 Bb7 8. Qe2 Nbd7 9. e4 dxe4 10. Nxe4 Nxe4 11. Bxe4 Bxe4 12. Qxe4 Nf6 13. Qe2 e6 14. Bf4 Nd5 15. Bg3 h6 16. Rad1 Rc8 17. Rfe1 Kh7 18. h3 c5 19. dxc5 Rxc5 20. c4 Qc8 21. cxd5 Rc2 22. Rd2 Rc1 23. dxe6 Rxe1+ 24. Qxe1 fxe6 25. Be5 Rf5 26. Bxg7 Kxg7 27. Rd1 Rc5 28. Qe3 Qc7 29.
Nd4 1-0

[Event "II Open Internacional Ateneo Marítimo (60 Aniversario)"]
[Site "C/La reina 68 (Valencia), Spain"]
[Date "2018.09.15"]
[Round "1.6"]
[White "Siludakis, Hernan"]
[Black "Fenollar Jorda, Manuel"]
[Result "0-1"]
[TimeControl "7m+3s por jugada"]
[WhiteFideId "127965"]
[BlackFideId "2217104"]
[WhiteElo "1864"]
[BlackElo "2342"]

1. e4 e5 2. Nf3 Nc6 3. Bc4 Bc5 4. c3 Nf6 5. d3 d6 6. b4 Bb6 7. a4 a5 8. b5 Ne7 9.
Be3 Ng6 10. Nbd2 O-O 11. g3 Bxe3 12. fxe3 Be6 13. Bxe6 fxe6 14. Qb3 Qe7 15. O-O-O c6 16. b6 Ng4 17. Rhe1 Nf2 18. d4 Nxd1 19. Kxd1 Kh8 20. Ke2 exd4 21. cxd4 d5 22. h4 Qb4 23. Ng5 dxe4 24. Nxe6 Rf7 25. Ng5 Qxb3 26. Nxb3 Re7 27. Nc5 Rae8 28. Rf1 h6 29. Nf7+ Kg8 30. Nd6 Rd8 31. Ndxe4 Ree8 32. Kd3 Ne7 33. Ne6 Rb8 34. Nc7 Red8 35. Nc5 Nd5 36. N7e6 Re8 37. e4 Nxb6 38. Nc7 Re7 39.
N7e6 Nxa4 40. Kc4 b5+ 41. Kd3 Nxc5+ 42. Nxc5 Rd8 43.
Rf4 a4 44. Kc3 Rf7 45. e5 a3 46. Kb3 Rxf4 47. gxf4 Rxd4 48. e6 Kf8 49. Kxa3 Rxf4 50. Kb3 Ke7 51. Kc3 Rxh4 52. Nd3 Rc4+ {Bandera} 0-1

[Event "II Open Internacional Ateneo Marítimo (60 Aniversario)"]
[Site "C/La reina 68 (Valencia), Spain"]
[Date "2018.09.15"]
[Round "1.7"]
[White "Valmana Canto, Jaime"]
[Black "Martinez Vestergaard, Kristian"]
[Result "1-0"]
[TimeControl "7m+3s por jugada"]
[WhiteFideId "2268990"]
[BlackFideId "32096267"]
[WhiteElo "2340"]
[BlackElo "1860"]

1. e4 c5 2. Nf3 d6 3. d4 cxd4 4. Nxd4 Nf6 5. Nc3 a6 6. Be3 Ng4 7. Bc1 Nf6 8. g3 Nbd7 9. Bg2 e5 10. Nf5 Qc7 11. O-O g6 12. Ne3 Nb6 13. a4 Be6 14. a5 Nbd7 15. Ncd5 Bxd5 16. Nxd5 Nxd5 17. Qxd5 Nf6 18. Qd3 Be7 19. Be3 Rc8 20. Rfd1 O-O 21. Bh3 Rcd8 22. Bb6 Qc6 23. Bxd8 Rxd8 24. Bg2 Kg7 25. c4 Qc5 26.
h3 h5 27. h4 Ng4 28. Rd2 Rc8 29. b3 g5 30. Bh3 gxh4 31. Bxg4 hxg4 32. Qe2 Rg8 33.
Rd5 Qc7 34. c5 Kf8 35. cxd6 Bxd6 36. Rad1 Rg6 37. Qc4 Qe7 38.
Qd3 Bc5 39. Kg2 Bd4 40. Rxd4 exd4 41. Qxd4 h3+ 42. Kg1 Qe6 43.
Qh8+ Ke7 44. Qd8# 1-0

[Event "II Open Internacional Ateneo Marítimo (60 Aniversario)"]
[Site "C/La reina 68 (Valencia), Spain"]
[Date "2018.09.15"]
[Round "2.1"]
[White "Garcia Trobat, Francisco"]
[Black "Plaskett, H James"]
[Result "0-1"]
[TimeControl "7m+3s por jugada"]
[WhiteFideId "2200678"]
[BlackFideId "400238"]
[WhiteElo "2231"]
[BlackElo "2450"]

1. e4 d6 2. d4 g6 3.
Nc3 Bg7 4. Be3 c6 5. Qd2 Nd7 6. O-O-O b5 7. Nf3 Qa5 8. Kb1 Rb8 9. e5 b4 10. Ne4 Nb6 11. exd6 Be6 12. b3 Nd5 13. dxe7 Nc3+ 14. Nxc3 bxc3 15. Qd3 Nxe7 16. Ng5 Bd5 17.
Qa6 Qc7 18. Bc4 Rb6 19. Qa4 O-O 20.
Bxd5 Nxd5 21. Ne4 Qe7 22. Nc5 Rfb8 23. Bc1 Rb4 24. Qxc6 Rxd4 25.
Rxd4 Bxd4 26. Qxd5 Bxc5 27. Qc4 Bxf2 28. Qxc3 Rd8 29. h4 h5 30. Bb2 Bd4 31. Qe1 Qc7 32.
Bxd4 Rxd4 33. Qe8+ Kg7 34. Re1 Rxh4 35. Re7 Rh1+ 36. Kb2
Qf4 37. Ka3 Rh2 38. Qc6 h4 39. Qc3+ Qf6 40. Qxf6+ Kxf6 41. Rxa7 Rxg2 42. c4 h3 43. Ra8 Kg7 0-1

[Event "II Open Internacional Ateneo Marítimo (60 Aniversario)"]
[Site "C/La reina 68 (Valencia), Spain"]
[Date "2018.09.15"]
[Round "2.2"]
[White "Cruz Lledo, Pablo"]
[Black "Galvan, Jesus"]
[Result "1-0"]
[TimeControl "7m+3s por jugada"]
[WhiteFideId "2297361"]
[BlackFideId "3800458"]
[WhiteElo "2436"]
[BlackElo "2185"]

1. d4 d6 2. Nf3 Bg4 3. e3 Nd7 4. h3 Bh5 5. Be2 e5 6. c4 c6 7. Nc3 Ngf6 8. O-O Be7 9. Nd2 Bxe2 10. Qxe2 O-O 11. b3 Re8 12. dxe5 dxe5 13. Bb2 a5 14. Rad1 Qc7 15. Nde4 Nxe4 16. Nxe4 Nc5 17. Ng3 a4 18. b4 a3 19. Bc3 Na4 20. Qc2 Nxc3 21. Qxc3 Bf8 22. Rd2 Red8 23. Rfd1 Rxd2 24. Rxd2 Rd8 25. Rxd8 Qxd8 26. c5 Qd1+ 27. Kh2 Qd5 28. Qxa3 g6 29. Qb3 Qd2 30. Ne4 Qe2 31. Kg3 h5 32. f3 Qe1+ 33. Kh2 h4 34. Qc3 Qb1 35. Qxe5 Bg7 36. Qb8+ Kh7 37. Ng5+ Kh6 38. Nxf7+ Kh5 39. Qf4 g5 40. Qxg5# 1-0

[Event "II Open Internacional Ateneo Marítimo (60 Aniversario)"]
[Site "C/La reina 68 (Valencia), Spain"]
[Date "2018.09.15"]
[Round "2.3"]
[White "Nicolas Zapata, Javier"]
[Black "Campos Gambuti, Luis Maria"]
[Result "0-1"]
[TimeControl "7m+3s por jugada"]
[WhiteFideId "22247289"]
[BlackFideId "2226979"]
[WhiteElo "2181"]
[BlackElo "2382"]

1. e4 Nf6 2. e5 Nd5 3. c4 Nb6 4. c5 Nd5 5. Nc3 c6 6.
Nxd5 cxd5 7. d4 b6 8. cxb6 Qxb6 9.
Nf3 d6 10. Bd3 Bg4 11. h3 Bxf3 12.
Qxf3 e6 13. O-O Nc6 14. Be3 dxe5 15.
dxe5 Bc5 16. Bxc5 Qxc5 17. Rac1 Qb6 18. Qh5 h6 19. Rc3 O-O 20. Bb1 Rfc8 21. Rg3 Qd4 22.
Qxh6 Qxe5 23. Qh7+ Kf8 24. Qh8+ Ke7 25. Qxg7 Qxg7 26. Rxg7 Rab8 27. b3 Nd4 28. h4 Rb4 29.
g3 Kf6 30. Rh7 Nf3+ 31. Kg2 Nd2 32. Rh6+ Kg7 33. Rh7+ Kg8 34. Rh5 Nxf1 35. Rg5+ Kf8 36. h5 Nd2 37. Bd3 Rd4 38. Be2 Ne4 39. Rg4 Rc2 0-1

[Event "II Open Internacional Ateneo Marítimo (60 Aniversario)"]
[Site "C/La reina 68 (Valencia), Spain"]
[Date "2018.09.15"]
[Round "2.4"]
[White "Granero Roca, Antonio"]
[Black "Chernikov, Vladimir"]
[Result "1-0"]
[TimeControl "7m+3s por jugada"]
[WhiteFideId "2210509"]
[BlackFideId "14112914"]
[WhiteElo "2370"]
[BlackElo "2158"]

1. Nf3 Nf6 2. g3 b6 3. Bg2 Bb7 4. c4 e6 5. O-O g6 6. d4 d6 7. Nc3 Bg7 8. Qc2 Nbd7 9. e4 e5 10.
d5 O-O 11. h3 a5 12. Be3 Ba6 13. b3 Nh5 14. Rad1 h6 15. Bc1 f5 16. Nh4 f4 17. Nxg6 Rf6 18. Qe2 Nxg3 19. fxg3 Rxg6 20. g4 Bf6 21. Bd2 Kh7 22. Kh1 Qe7 23.
Bf3 Rag8 24. Rg1 Bh4 25. Be1 h5 26. Bf2 Bxf2 27. Qxf2 hxg4 28. Bxg4 Kh8 29. Bf5 Rg3 30. Ne2 Rxg1+ 31. Rxg1 Rxg1+ 32. Qxg1 Nf6 33. Qg5 Qg7 34. Qh4+ Kg8 35. Ng1 b5 36. cxb5 Bxb5 37. Nf3 Bd3 38. Ng5 f3 39. Nxf3 Kf8 40. Ng5 Ke7 41. Nh7 Kf7 42. Nxf6 Qxf6 43. Qg3 Bb1 44. a3 Bc2 45. Qc3 Bxe4+ 46. Qxc7+ Kf8+ 47. Qc8+ Kg7+ 48. Qd7+ Kf8+ 49. Bxe4 Qf1+ 50. Kh2 Qf2+ 51. Bg2 Qf4+ 52. Kg1 Qe3+ 53. Kf1 Qd3+ 54. Kf2 Qd4+ 55. Ke2 Qb2+ 56. Kf3 Qxb3+ 57. Kg4 Qd1+ 58. Bf3 Qd4+ 59. Kh5 Qf4 60. Qxd6+ Kg7 61. Qe7+ Kh8 62. Qe8+ Kg7 63. Qg6+ Kf8 64. Qh6+ 1-0

[Event "II Open Internacional Ateneo Marítimo (60 Aniversario)"]
[Site "C/La reina 68 (Valencia), Spain"]
[Date "2018.09.15"]
[Round "2.5"]
[White "Balada Moreno, Jose Luis"]
[Black "Diaz Velandia, Jose Manuel"]
[Result "0-1"]
[TimeControl "7m+3s por jugada"]
[WhiteFideId "2214962"]
[BlackFideId "3901939"]
[WhiteElo "2074"]
[BlackElo "2368"]

1. e4 c6 2. d3 d5 3. Nd2 dxe4 4. dxe4 g6 5. Ngf3 Bg7 6.
g3 Nf6 7. Bg2 O-O 8. O-O Bg4 9. h3 Bxf3 10. Qxf3 Nbd7 11.
Kh1 Qc7 12. Nc4 b5 13. Ne3 Rad8 14. Qe2 Nc5 15. Ng4 Nxg4 16. Qxg4 a5 17. f4 a4 18. a3 Nb7 19. f5 Na5 20.
Rb1 Nc4 21. Bf4 Qc8 22. Qe2 Bxb2 23. Rxb2 Nxb2 24. Bh6 Nc4 25.
e5 Qc7 26. e6 Qe5 27. Qg4 Ne3 28. Qe2 Nc4 29. Qg4 Rd4 30. exf7+ Rxf7 31. Bf4 Rxf4 32. gxf4 Qxf5 33. Bxc6 Kg7 34. Qf3 Rf6 35. Be4 Nd2 36.
Bxf5 Nxf3 37. Bd7 Nd2 38. Rd1 Ne4 39. Re1 Rxf4 40. Bxb5 Kf6 41. Bxa4 Ng3+ 42. Kg2 Rxa4 43. Kxg3 Rxa3+ 44. Kg2 Rc3 45. Rc1 e5 0-1

[Event "II Open Internacional Ateneo Marítimo (60 Aniversario)"]
[Site "C/La reina 68 (Valencia), Spain"]
[Date "2018.09.15"]
[Round "2.6"]
[White "Fenollar Jorda, Manuel"]
[Black "Moreto Quintana, Alex"]
[Result "1-0"]
[TimeControl "7m+3s por jugada"]
[WhiteFideId "2217104"]
[BlackFideId "2258390"]
[WhiteElo "2342"]
[BlackElo "2112"]

1. d4 d5 2. Nf3 Nf6 3. e3 Bf5 4. c4 e6 5. Nc3 c6 6. Bd3 Bxd3 7.
Qxd3 Nbd7 8. O-O Be7 9. Rb1 O-O 10. b4 Qc7 11. b5 Rac8 12. Bd2 dxc4 13. Qxc4 c5 14. Rfc1 cxd4 15. Qxc7 Rxc7 16. Nxd4 Rfc8 17. Nce2 e5 18. Nf5 Ba3 19. Rd1 g6 20. Nfg3 h5 21. Rb3 Bf8 22. f3 Rc2 23. Rc3 R8xc3 24. Nxc3 Nb6 25. Nce4 Nxe4 26. Nxe4 Rxa2 27. Bc3 Bg7 28. Rd8+ Kh7 29. Ng5+ Kh6 30. Nxf7+ Kh7 31. Bxe5 Nc4 32. Ng5+ Kh6 33. Bf4 Rd2 34. Nf7+ Kh7 35. Ng5+ Kh6 36. Nf7+ Kh7 37. Ng5+ Kh6 38. Rb8 Rd7 39. e4 Bd4+ 40. Kf1 Bb6 1-0

[Event "II Open Internacional Ateneo Marítimo (60 Aniversario)"]
[Site "C/La reina 68 (Valencia), Spain"]
[Date "2018.09.15"]
[Round "2.7"]
[White "Macias Pino, Diego"]
[Black "Valmana Canto, Jaime"]
[Result "0-1"]
[TimeControl "7m+3s por jugada"]
[WhiteFideId "24529133"]
[BlackFideId "2268990"]
[WhiteElo "2002"]
[BlackElo "2340"]

1. e4 e6 2. d4 d5 3. Nd2 c5 4. exd5 Qxd5 5. dxc5 Nf6 6. Ngf3 Qxc5 7. Bd3 Qc7 8. O-O Nbd7 9.
Re1 Be7 10. Nf1 Nc5 11. Bb5+ Bd7 12. Bxd7+ Qxd7 13. Ng3 Qxd1 14. Rxd1 Nd5 15. a3 O-O-O 16. Ne5 Rhf8 17. Nd3 Nb6 18. Be3 Nxd3 19. Rxd3 Rxd3 20. cxd3 Nd5 21. Kf1 Kd7 22. Rc1 b6 23. Ke2 f5 24. f4 g5 25. Kf3 gxf4 26. Bxf4 Nxf4 27. Kxf4 Rg8 28. Kf3 Bd6 29.
Ne2 h5 30. g3 h4 31. Rc4 hxg3 32. hxg3 Rh8 33. Kg2 b5 34. Rc1 Be5 35. d4 Bd6 36. Nc3 a6 37. Rf1 Rg8 38. Ne2 Kc6 39. Rc1+ Kd5 40.
Kf3 Rg4 41. Rc2 Rg7 42. Rc3 Bc7 43.
Rc1 Bb6 44. Ke3 Kd6 45. Kd3 Rg4 46. Rg1 Kd7 47. Rg2 Bc7 48. Rg1 Bd6 49. b4 Bc7 50. Rg2 f4 51. Rf2 fxg3 52. Rf7+ Kc6 53. Rf6 Kd7 54. Rf7+ Kd8 55. Rf8+ Ke7 56. Rc8 Kd7 57. Ra8 g2 58. Rxa6 g1=Q 59. Nxg1 Rxg1 60. a4 bxa4 61. Rxa4 Kc6 62. Ra7 Rg3+ 63. Kc4 Rg4 64. Ra6+ Bb6 65. b5+ Kb7 66.
Ra1 Rxd4+ 67. Kc3 e5 68. Re1 e4 69. Rh1 Rd3+ 70. Kc4 Rd7 71.
Re1 e3 72. Kc3 Kc7 73. Kc4 Kd8 74. Re2 Ke7 75. Kc3 Ke6 76. Kc2 Ke5 77. Re1 Ke4 78. Rh1 e2 79. Rh4+ Kf3 80. Rh3+ Kg2 81. Re3 Bxe3 0-1

[Event "II Open Internacional Ateneo Marítimo (60 Aniversario)"]
[Site "C/La reina 68 (Valencia), Spain"]
[Date "2018.09.15"]
[Round "3.1"]
[White "Plaskett, H James"]
[Black "Insa Alfonso, Pablo"]
[Result "1-0"]
[TimeControl "7m+3s por jugada"]
[WhiteFideId "400238"]
[BlackFideId "2262614"]
[WhiteElo "2450"]
[BlackElo "2307"]

1. c4 Nf6 2. Nc3 e6 3. d4 Bb4 4.
Nf3 Bxc3+ 5. bxc3 b6 6. Bg5 Bb7 7. Nd2 d6 8.
Qc2 Nbd7 9. f3 h6 10. Bh4 Qe7 11. e4 e5 12. Bd3 O-O-O 13. a4 a5 14. O-O g5 15. Bf2 h5 16. Nb3 c5 17. Rab1 g4 18. Bh4 Rdg8 19. f4 exd4 20. Rbe1 g3 21. h3 Qf8 22. e5 Ng4 23. hxg4 hxg4 24.
Bxg3 Rh3 25. gxh3 gxh3 26. Kh2 Bg2 27. Qf2 1-0

[Event "II Open Internacional Ateneo Marítimo (60 Aniversario)"]
[Site "C/La reina 68 (Valencia), Spain"]
[Date "2018.09.15"]
[Round "3.2"]
[White "Remolar Gallen, Jose"]
[Black "Cruz Lledo, Pablo"]
[Result "1/2-1/2"]
[TimeControl "7m+3s por jugada"]
[WhiteFideId "2215187"]
[BlackFideId "2297361"]
[WhiteElo "2321"]
[BlackElo "2436"]

1. c4 e6 2. g3 d5 3. Nf3 Nd7 4. cxd5 exd5 5. Bg2 c6 6. O-O Ngf6 7. Nc3 Be7 8. d3 O-O 9. e4 dxe4 10. dxe4 Nc5 11. Qc2 Qd3 12. Ne1 Qxc2 13. Nxc2 Be6 14. b3 Rfd8 15. f3 Ne8 16. Be3 Nd3 17. Rad1 Bf6 18. Ne2 c5 19. Na3 Rac8 20. Nf4 Nxf4 21.
gxf4 b6 22. f5 Bd7 23. f4 Be7 24. Bf3 Bc6 25. Rxd8 Rxd8 26. e5 Bxf3 27. Rxf3 Nc7 28. Rg3 f6 29. Nc4 Nd5 30. Bd2 b5 31.
Na5 Nb6 32. Be3 Rd1+ 33. Kg2 Ra1 34. Nc6 Rxa2+ 35. Kh3 Nd5 36. Nxe7+ Nxe7 37. Bxc5 Nxf5 38. Rd3 fxe5 39. fxe5 Re2 40. Rd5 Kf7 41. Bxa7 b4 42. Bb8 Ke6 43. Rb5 Re3+ 44. Kg2 Rxb3 45. Rb6+ Kd5 46. e6 h5 47. Bc7 g6 48. Bd8 Re3 49. e7 Nxe7 50. Bxe7 Rxe7 51. Rxb4 Re4 52. Rb6 Rg4+ 53. Kf3 Ke5 54. Rb5+ Kf6 55. Rb6+ Kg7 56. Rb7+ Kh6 57. Rb6 Rg1 58. Kf2 Rg4 59. Kf3 Kg5 60. h3 Ra4 61. Kg3 Ra3+ 62. Kg2 Rc3 63. Rb5+ Kh4 64. Rb4+ Kg5 65. Rb5+ Kh6 66. Rb6 h4 67. Rb4 Kh5 68. Rg4 g5 69. Kh2 Kg6 70. Kg2 Kf5 71. Ra4 Rc2+ 72. Kg1 Re2 73. Ra5+ Kf4 74. Ra4+ Re4 75. Ra3 Re3 76. Ra4+ Kf5 77.
Kg2 Re2+ 78. Kg1 Kg6 79. Kh1 Kf6 80. Kg1 Kf5 81. Kh1 Re4 82. Ra5+ Kf4 83. Ra3 Re3 84.
Ra4+ Kg3 85. Rg4+ Kxh3 86. Rxg5 Re2 87. Rg2 Re8 88. Rg1 Re7 89. Rg2 Re1+ 90. Rg1 Re4 91. Rg2 Re1+ 92. Rg1 Re3 93. Rg2 Rg3 94.
Rh2+ Kg4 95. Ra2 Kh3 96. Rh2+ Kg4 97. Ra2 Rd3 98. Kh2 Rd4 99.
Rf2 Rd3 100. Rg2+ Kf4 101. Rf2+ Kg4 102. Rg2+ Kh5 103. Ra2 Kg4 104. Ra4+ Kg5 1/2-1/2

[Event "II Open Internacional Ateneo Marítimo (60 Aniversario)"]
[Site "C/La reina 68 (Valencia), Spain"]
[Date "2018.09.15"]
[Round "3.3"]
[White "Campos Gambuti, Luis Maria"]
[Black "Torres Sanchez, Jose"]
[Result "1-0"]
[TimeControl "7m+3s por jugada"]
[WhiteFideId "2226979"]
[BlackFideId "2217210"]
[WhiteElo "2382"]
[BlackElo "2290"]

1. d4 d6 2. Nf3 g6 3. g3 Bg7 4. Bg2 f5 5. O-O Nf6 6.
b3 O-O 7. Bb2 Ne4 8. e3 Nc6 9. Na3 e6 10. Nd2 d5 11.
c4 Ne7 12. Nc2 c5 13. cxd5 exd5 14. Nxe4 fxe4 15. Rb1 b6 16. dxc5 bxc5 17. Bxg7 Kxg7 18. b4 Ba6 19. b5 Bb7 20.
Qd2 Qc7 21. f3 exf3 22. Bxf3 Qe5 23. a4 Rad8 24. Bg2 Nf5 25. Rbe1 Nd6 26. Qa5 Rxf1+ 27. Rxf1 Rd7 28. Qxa7 Qc3 29. Qb8 Nf7 30. Qe8 Rc7 31. b6 1-0

[Event "II Open Internacional Ateneo Marítimo (60 Aniversario)"]
[Site "C/La reina 68 (Valencia), Spain"]
[Date "2018.09.15"]
[Round "3.4"]
[White "Ibanez Aullana, Ramon"]
[Black "Granero Roca, Antonio"]
[Result "0-1"]
[TimeControl "7m+3s por jugada"]
[WhiteFideId "2207532"]
[BlackFideId "2210509"]
[WhiteElo "2301"]
[BlackElo "2370"]

1. e4 c6 2. d4 d5 3. Nd2 dxe4 4. Nxe4 Bf5 5. Ng3 Bg6 6. h4 h6 7. Nf3 Nd7 8. h5 Bh7 9. Bd3 Bxd3 10. Qxd3 e6 11. Bd2 Qc7 12. Ne4 Ngf6 13. O-O-O O-O-O 14. Nxf6 Nxf6 15. Qe2 Bd6 16. c4 Bf4 17.
Kb1 Bxd2 18. Rxd2 c5 19. Rhd1 Nxh5 20. Ne5 Nf6 21. dxc5 Rxd2 22. Rxd2 Rd8 23. Rxd8+ Kxd8 24. b4 Ke7 25. f4 Nd7 26. Kb2 Nxe5 27. fxe5 Qd7 28. Kb3 f6 29. b5 Qd4 30. exf6+ gxf6 31. Qf3 Qxc5 32. Qxb7+ Kd6 33. Qf3 a5 34. bxa6 Qb6+ 35. Kc3 Qa5+ 36. Kb3 Qb6+ 37. Kc3 Qxa6 38. Qf4+ Ke7 39. c5 Qa3+ 40. Kd2 Qxa2+ 41. Ke3 Qa3+ 42. Ke2 Qb2+ 43. Kf3 Qb3+ 44. Kf2 Qc2+ 45. Kf3 Qxc5 46. Qxh6 Qf5+ 47. Ke2 Kf7 48. Qh8 Qg4+ 49. Kf2 Qg8 50. Qh5+ Qg6 51. Qh8 e5 52. Qc8 Qe4 53. Qh3 Qf4+ 54.
Ke2 Qc4+ 55. Kf2 Qc5+ 56. Ke2 Qc2+ 57. Kf1 Qd1+ 58. Kf2 Qd2+ 59. Kf1 Qd4 60. Qh5+ Ke7 61. Qh7+ Kd6 62. Qg7 Qd3+ 63. Kf2 Qf5+ 64. Ke2 Kd5 65. Qb7+ Kd6 66. Qb6+ Ke7 67. Qc5+ Kf7 68. Qc7+ Kg6 69. Qc6 Qg4+ 70. Kf2 Qd4+ 71. Kf1 Kf5 72. g3 Qd3+ 73. Kf2 Qd2+ 74. Kf3 Qd1+ 75. Kg2 Qd4 76. Kh3 Qg4+ 77. Kg2 Qe4+ 78. Qxe4+ Kxe4 79. Kf2 Kd3 80. g4 e4 81.
Kf1 Kd2 0-1

[Event "II Open Internacional Ateneo Marítimo (60 Aniversario)"]
[Site "C/La reina 68 (Valencia), Spain"]
[Date "2018.09.15"]
[Round "3.5"]
[White "Diaz Velandia, Jose Manuel"]
[Black "Kovacevic, Slobodan"]
[Result "1/2-1/2"]
[TimeControl "7m+3s por jugada"]
[WhiteFideId "3901939"]
[BlackFideId "902152"]
[WhiteElo "2368"]
[BlackElo "2252"]

1. Nf3 c5 2. g3 b6 3. Bg2 Bb7 4. O-O Nf6 5. e3 e6 6. d4 cxd4 7. exd4 d6 8. c3 Be7 9.
Re1 O-O 10. Nbd2 a6 11. Nh4 Bxg2 12. Nxg2 Re8 13. Ne4 Nxe4 14. Rxe4 Nd7 15. Re1 Qc7 16.
Qf3 h6 17. Nf4 Nf6 18. Nh5 Nxh5 19. Qxh5 d5 20. Qg4 Kh7 21. Bf4 Bd6 22. Bxd6 Qxd6 23. Re3 b5 24. a3 a5 25. Ree1 b4 26. axb4 axb4 27. Qe2 bxc3 28. bxc3 Rec8 29. Rxa8 Rxa8 30. Rc1 Rc8 31. c4 dxc4 32. Rxc4 Rb8 33. Qc2+ Kg8 34. Rc8+ Rxc8 35. Qxc8+ Kh7 36. Qc5 Qb8 37. h4 Qb1+ 38. Kh2 Qe4 39. Qa7 Qf3 40. Kg1 g5 41. hxg5 hxg5 42. Qc5 Kg6 43. Qe5 Qd3 44.
Qc5 Qe4 45. Qd6 Qf5 46. Qd8 Kg7 47. Qd6 Kg6 48. Qd8 Kg7 49. Kg2 Qe4+ 50. Kg1 Qe1+ 51. Kg2 Qe4+ 52. Kg1 Qe1+ 53. Kg2 Qe4+ 54. Kh2 Qf5 55. Kg1 Qb1+ 56. Kg2 Qe4+ 57. Kg1 Qb1+ 1/2-1/2

[Event "II Open Internacional Ateneo Marítimo (60 Aniversario)"]
[Site "C/La reina 68 (Valencia), Spain"]
[Date "2018.09.15"]
[Round "3.6"]
[White "Nieves Cabanes, Jose Manuel"]
[Black "Fenollar Jorda, Manuel"]
[Result "1-0"]
[TimeControl "7m+3s por jugada"]
[WhiteFideId "22245715"]
[BlackFideId "2217104"]
[WhiteElo "2278"]
[BlackElo "2342"]

1. Nf3 d5 2. c4 c6 3. e3 Nf6 4.
Nc3 Nbd7 5. Qc2 a6 6. b3 e5 7. Bb2 Bd6 8. d3 O-O 9. Be2 b5 10. e4 bxc4 11. bxc4 d4 12. Nb1 Rb8 13. O-O Qb6 14. Ba3 Bxa3 15. Nxa3 Qb2 16. Qxb2 Rxb2 17.
Rfe1 Re8 18. c5 Rb4 19. Nc4 Rxc4 20.
dxc4 Nxc5 21. Rab1 Nfxe4 22. Rb8 f6 23. Nxd4 Nd7 24. Rxc8 Rxc8 25. Bg4 Nec5 26. Nb3 Rb8 27.
Na5 Rb2 28. Nxc6 Rxa2 29. g3 Kf7 30. Rd1 Nb6 31. Nd8+ Kg6 32. h4 h5 33. Bf3 Nb3 34.
Be4+ f5 35. Bd5 Ra1 36. Rxa1 Nxa1 37. Bf7+ Kf6 38. c5 Na4 39.
c6 Ke7 40. c7 Kd7 41. Bxh5 Kxc7 42. Ne6+ Kd6 43.
Nxg7 f4 44. gxf4 exf4 45. Be2 a5 46. h5 Ke7 47. h6 1-0

[Event "II Open Internacional Ateneo Marítimo (60 Aniversario)"]
[Site "C/La reina 68 (Valencia), Spain"]
[Date "2018.09.15"]
[Round "3.7"]
[White "Valmana Canto, Jaime"]
[Black "Campos Aucejo, Vicente"]
[Result "1-0"]
[TimeControl "7m+3s por jugada"]
[WhiteFideId "2268990"]
[BlackFideId "2201330"]
[WhiteElo "2340"]
[BlackElo "1973"]

1. e4 c6 2. Nc3 g6 3. d4 d6 4. Nf3 Bg7 5. Be2 Nf6 6. O-O O-O 7. h3 b5 8. e5 Ne8 9. Bf4 b4 10. Ne4 d5 11. Nc5 a5 12. a3 bxa3 13. Rxa3 Na6 14. Nxa6 Bxa6 15. Bxa6 Rxa6 16. Qd2 Nc7 17.
Rfa1 Ne6 18. Be3 Qb6 19. b4 Rfa8 20. Rxa5 Qb7 21. Qd3 Nc7 22. Nd2 e6 23. Nb3 Bf8 24.
c3 Rxa5 25. Nxa5 Qb5 26. Qd1 Be7 27. g3 Bf8 28. h4 h5 29. Bg5 Ne8 30. Kg2 c5 31. dxc5 Bxc5 32. Nb3 Rxa1 33. Qxa1 Bb6 34. Qa8 Kh7 35. Qb7 Kg8 36. Qb8 Kh7 37. Nd4 Qa6 38. Qxe8 1-0